 Dungeon Crawl Stone Soup version 0.22.1-2-g9c5b331 (webtiles) character file.

5512 Caim the Geomancer (level 10, -6/87 HPs)
             Began as a Deep Dwarf Earth Elementalist on Dec 27, 2018.
             Was a Follower of Elyvilon.
             Mangled by an orc knight
             ... wielding a +0 glaive
              (26 damage)
             ... in a bailey on Dec 28, 2018.
             The game lasted 01:35:50 (10428 turns).

Caim the Geomancer (Deep Dwarf Earth Elementalist) Turns: 10428, Time: 01:35:51

Health: -6/87      AC:  6    Str: 26 (27) XL:     10   Next: 43%
Magic:  7/36       EV: 16    Int: 18      God:    Elyvilon [*.....]
Gold:   351        SH:  0    Dex: 12      Spells: 4/21 levels left

rFire    . . .     SeeInvis +   D - +1 dagger of Yfiku {venom, rPois MP+9 Str+10}
rCold    . . .     Gourm    .   (no shield)
rNeg     . . .     Faith    .   t - +2 robe {MR+}
rPois    +         Spirit   .   (no helmet)
rElec    .         Reflect  .   J - scarf {repulsion}
rCorr    .         Harm     .   K - +1 pair of gloves
MR       ++...                  q - +0 pair of boots (curse)
Stlth    +++.......             (no amulet)
HPRegen  0.00/turn              v - ring of magical power
MPRegen  0.25/turn              p - ring of see invisible

@: mighty, very slightly contaminated, non-regenerating, repel missiles
A: damage resistance, heal wounds, clumsy 1, deformed body, deterioration 1,
sense surroundings 2, sturdy frame 1, no regeneration
a: Heal Wounds, Lesser Healing, Divine Protection, Renounce Religion


You were in a bailey.
You worshipped Elyvilon.
Elyvilon was aware of your devotion.
You were not hungry.

You visited 2 branches of the dungeon, and saw 10 of its levels.
You also visited: Sewer and Bailey.

You collected 545 gold pieces.
You spent 194 gold pieces at shops.

Inventory:

Hand Weapons
 g - a +0 club
 j - a +1 dagger of speed
 A - a +5 battleaxe
 D - the +1 dagger of Yfiku (weapon) {venom, rPois MP+9 Str+10}
   (You found it on level 8 of the Dungeon)

   It poisons the flesh of those it strikes.
   It affects your strength (+10).
   It protects you from poison.
   It affects your magic capacity (+9).
Missiles
 b - 92 stones (quivered)
 I - 38 arrows
Armour
 c - a +0 robe
 m - a +0 ring mail
 q - a cursed +0 pair of boots (worn)
 t - a +2 robe of magic resistance (worn)
 w - a +0 robe of fire resistance
 J - a scarf of repulsion (worn)
 K - a +1 pair of gloves (worn)
Jewellery
 p - a ring of see invisible (right hand)
 v - a ring of magical power (left hand)
Wands
 G - a wand of polymorph (7)
 L - a wand of acid (8)
Scrolls
 e - 3 scrolls of teleportation
 k - a scroll of fog {unknown}
 r - a scroll of immolation
 s - a scroll of magic mapping {unknown}
 u - 6 scrolls of remove curse
 y - 2 scrolls of fear {unknown}
 z - 3 scrolls of blinking
 B - a scroll of torment {unknown}
 C - a scroll of enchant armour {unknown}
Potions
 a - 6 potions of curing
 f - 2 potions of might
 h - a potion of ambrosia {unknown}
 i - a potion of agility {unknown}
 l - 4 potions of lignification
 n - 2 potions of resistance {unknown}
 o - 3 potions of brilliance {unknown}
 x - a potion of degeneration {unknown}
 E - a potion of flight {unknown}
 H - a potion of berserk rage {unknown}
Comestibles
 d - 12 rations


   Skills:
 * Level 4.9 Fighting
 + Level 1.3 Short Blades
 - Level 2.1 Axes
 * Level 7.6 Dodging
 * Level 7.5 Stealth
 + Level 6.2 Spellcasting
 + Level 1.6 Conjurations
 + Level 1.5 Transmutations
 * Level 11.0 Earth Magic
 * Level 3.5 Invocations


You had 4 spell levels left.
You knew the following spells:

 Your Spells              Type           Power        Failure   Level  Hunger
a - Sandblast             Erth           #####.       1%          1    None
b - Passwall              Tmut/Erth      ####....     1%          2    None
c - Stone Arrow           Conj/Erth      ####..       2%          3    ##.....
d - Petrify               Tmut/Erth      ####....     9%          4    ####...
e - Lee's Rapid Deconstr  Erth           #####.....   3%          5    #####..
f - Sticks to Snakes      Tmut           ##......     10%         2    None

Your spell library contained the following spells:

 Spells                   Type           Power        Failure   Level  Hunger
 Beastly Appendage        Tmut           ##....       6%          1    None
 Confusing Touch          Hex            #.....       12%         1    None
 Spider Form              Tmut/Pois      #.........   26%         3    ##.....
 Confuse                  Hex            #.......     34%         3    ##.....
 Gell's Gravitas          Tloc           #.........   34%         3    ##.....
 Ice Form                 Ice/Tmut       #.......     63%         4    ####...
 Blade Hands              Tmut           ##........   86%         5    #####..
 Yara's Violent Unravell  Hex/Tmut       #.........   93%         5    #####..
 Metabolic Englaciation   Hex/Ice        #.........   97%         5    #####..


Dungeon Overview and Level Annotations

Branches:
Dungeon (9/15)             Temple (1/1) D:6
   Lair: D:8-11         Orc: D:9-12

Altars:
Ashenzari
Cheibriados
Dithmenos
Elyvilon
Fedhas
Gozag
Hepliaklqana
Kikubaaqudgha
Makhleb
Nemelex Xobeh
Okawaru
Qazlal
Ru
Sif Muna
Trog
Uskayaw
Vehumet
Wu Jian
Xom
Yredelemnul
Zin
The Shining One

Shops:
D:4 [   D:9 !*([


Innate Abilities, Weirdness & Mutations

You are resistant to damage.
You can heal yourself by infusing magical energy.
You passively map the area around you.
You do not regenerate.
You are clumsy. (Dex -2)
Armour fits poorly on your strangely shaped body.
Your body sometimes deteriorates upon taking damage.
Your movements are slightly less encumbered by armour. (ER -2)


Message History

The orc knight goes into a battle-frenzy!
The orc knight hits you with a glaive!!
* * * LOW HITPOINT WARNING * * *
You completely miss the orc knight.
Casting: Stone Arrow (safe; 2% risk of failure)
Confirm with . or Enter, or press ? or * to list all spells.
Aiming: Petrify (safe; 9% risk of failure)
Press: ? - help, Shift-Dir - straight line, f - orc knight
Aim: an orc knight, wielding a glaive and wearing a ring mail (unusually The orc knight resists with some effort.
The orc knight closely misses you.
Casting: Petrify (safe; 9% risk of failure)
Confirm with . or Enter, or press ? or * to list all spells.
Aiming: Petrify (safe; 9% risk of failure)
Press: ? - help, Shift-Dir - straight line, f/p - orc knight
Aim: an orc knight, wielding a glaive and wearing a ring mail (unusually You miscast Petrify.
You are very lightly contaminated with residual magic.
Your skin tingles.
The orc knight hits you with a glaive!!
You die...

#.≈..##### .. ##....
#.≈.########*####'########
#.≈[##.$$$.##.§§..§§..##..
#.≈[.##, ##.§≈§≈≈≈≈§..'#.
#.≈≈..## ##..§≈§....≈≈..##
#∩.≈≈..# #..≈≈...⌠..§≈≈..#
##.≈≈.[#+#..≈≈o.⌠∩⌠.§≈≈..#
#.≈≈..##.#'..≈≈...§)§≈..##
#.≈..##.o@##..≈≈≈§≈§≈..#
#.≈.##.....##......§..##
#.≈.#############'###[####
#.≈..[.....[.##.....##....
#.≈≈≈≈≈≈≈≈≈≈[.##.∩.##..≈≈≈
#..........≈≈..##.##..≈≈..
##########..≈≈..###..≈≈..#
##..≈≈...[.≈≈..##
##..≈≈≈≈≈≈≈..##


You could see 2 orc knights.

Vanquished Creatures
  An orc knight (Bailey)
  Psyche (D:9)
  A hippogriff (D:9)
  Grum (D:8)
  Menkaure (D:7)
  A water moccasin (D:5)
  4 ice beasts
  5 orc warriors (Bailey)
  A black bear (D:8)
  2 phantoms
  2 wolves (D:8)
  5 ogres
  2 centaurs
  5 big kobolds (Sewer)
  2 bullfrogs (D:7)
  3 killer bees (D:8)
  3 scorpions
  2 jellies
  5 wights (D:8)
  2 howler monkeys (D:5)
  3 crimson imps
  2 bullfrog zombies
  A centaur skeleton (D:8)
  2 orc priests
  4 bullfrog skeletons
  2 hounds
  An iron imp (D:8)
  Jessica (D:2)
  3 orc wizards
  3 iguanas
  8 worker ants
  A howler monkey zombie (D:3)
  12 adders
  3 gnolls (D:8)
  7 river rats
  3 shadow imps
  An adder zombie (D:5)
  An adder skeleton (D:4)
  7 worms
  A dart slug (D:1)
  7 leopard geckos
  27 orcs
  5 giant cockroaches
  9 goblins
  8 hobgoblins
  10 jackals
  5 quokkas
  10 ball pythons
  10 bats
  3 frilled lizards
  A giant cockroach zombie (D:5)
  15 kobolds
  14 rats
239 creatures vanquished.

Vanquished Creatures (collateral kills)
  An orc warrior (Bailey)
1 creature vanquished.

Grand Total: 240 creatures vanquished

Notes
Turn   | Place    | Note
-------+----------+-------------------------------------------
     0 | D:1      | Caim the Deep Dwarf Earth Elementalist began the quest for
                  | the Orb.
     0 | D:1      | Reached XP level 1. HP: 15/15 MP: 3/3
   207 | D:1      | Reached XP level 2. HP: 22/22 MP: 1/4
   248 | D:1      | Learned a level 2 spell: Passwall
   329 | D:1      | Reached skill level 1 in Transmutations
   607 | D:1      | Reached XP level 3. HP: 23/30 MP: 4/6
  1312 | D:2      | Learned a level 3 spell: Stone Arrow
  1490 | D:2      | Noticed Jessica
  1496 | D:2      | Killed Jessica
  1496 | D:2      | Reached XP level 4. HP: 26/37 MP: 2/7
  2211 | D:2      | Reached skill level 1 in Fighting
  2587 | D:3      | Found a glowing golden altar of the Shining One.
  2601 | D:3      | Reached skill level 5 in Earth Magic
  2704 | D:3      | Reached XP level 5. HP: 15/44 MP: 0/8
  2793 | D:3      | Found a glowing drain.
  2844 | Sewer    | Entered a sewer
  3069 | Sewer    | Learned a level 4 spell: Petrify
  3153 | Sewer    | Reached XP level 6. HP: 32/52 MP: 0/10
  3764 | Sewer    | Reached skill level 6 in Earth Magic
  3789 | Sewer    | Reached XP level 7. HP: 39/60 MP: 0/12
  4958 | D:4      | Found Geher's Armour Emporium.
  4967 | D:4      | Bought a +2 robe of magic resistance for 194 gold pieces
  5237 | D:4      | Found a blossoming altar of Fedhas.
  5720 | D:5      | Entered Level 5 of the Dungeon
  5720 | D:5      | Found a basalt altar of Yredelemnul.
  5823 | D:5      | Reached skill level 7 in Earth Magic
  5898 | D:5      | Gained mutation: Your body sometimes deteriorates upon
                  | taking damage. [potion of mutation]
  5898 | D:5      | Gained mutation: Armour fits poorly on your strangely
                  | shaped body. [potion of mutation]
  5898 | D:5      | Gained mutation: You are clumsy. (Dex -2) [potion of
                  | mutation]
  5898 | D:5      | Gained mutation: Your movements are slightly less
                  | encumbered by armour. (ER -2) [potion of mutation]
  5937 | D:5      | Reached skill level 5 in Dodging
  5937 | D:5      | Reached XP level 8. HP: 32/69 MP: 2/14
  6052 | D:5      | Found a deep blue altar of Sif Muna.
  6100 | D:5      | Found a shattered altar of Ashenzari.
  6186 | D:5      | Found an ornate altar of the Wu Jian Council.
  6518 | D:6      | Reached skill level 1 in Conjurations
  6529 | D:6      | Reached skill level 5 in Stealth
  6623 | D:6      | Found a shadowy altar of Dithmenos.
  6775 | D:6      | Learned a level 5 spell: Lee's Rapid Deconstruction
  6933 | D:6      | Found a staircase to the Ecumenical Temple.
  6950 | D:6      | Reached skill level 8 in Earth Magic
  7022 | Temple   | Entered the Ecumenical Temple
  7151 | Temple   | Became a worshipper of Elyvilon the Healer
  7192 | D:6      | Reached skill level 5 in Spellcasting
  7502 | D:7      | Reached skill level 1 in Axes
  7503 | D:7      | Gained mutation: You passively map the area around you.
                  | [Deep Dwarf growth]
  7503 | D:7      | Reached XP level 9. HP: 42/78 MP: 17/17
  7640 | D:7      | Noticed Menkaure
  7655 | D:7      | Killed Menkaure
  8117 | D:8      | Got a twisted dagger
  8122 | D:8      | Identified the +1 dagger of Yfiku {venom, rPois MP+9
                  | Str+10} (You found it on level 8 of the Dungeon)
  8203 | D:8      | Found a snail-covered altar of Cheibriados.
  8303 | D:8      | Reached skill level 9 in Earth Magic
  8328 | D:8      | Found a hide-covered altar of Uskayaw.
  8458 | D:8      | Reached * piety under Elyvilon
  8476 | D:8      | Noticed Grum
  8489 | D:8      | Killed Grum
  8489 | D:8      | Reached skill level 1 in Short Blades
  8514 | D:8      | Found a stormy altar of Qazlal.
  8547 | D:8      | Reached skill level 1 in Invocations
  8554 | D:8      | Learned a level 2 spell: Sticks to Snakes
  8637 | D:8      | Reached skill level 10 in Earth Magic
  8741 | D:8      | Found a sparkling altar of Nemelex Xobeh.
  9043 | D:9      | Reached XP level 10. HP: 60/87 MP: 17/17
  9103 | D:9      | Found Jyasidgh's Antique Weapon Shop.
  9159 | D:9      | Noticed Psyche
  9164 | D:9      | Killed Psyche
  9237 | D:9      | Found Binto's Assorted Antiques.
  9243 | D:9      | Found Weavun's Armour Shop.
  9332 | D:9      | Found a hazy altar of Hepliaklqana.
  9332 | D:9      | Found a sacrificial altar of Ru.
  9363 | D:9      | Found Xaestruf's Distillery.
  9460 | D:9      | Found a flagged portal.
  9476 | Bailey   | Entered a bailey
  9574 | Bailey   | Noticed an orc knight
  9817 | Bailey   | Noticed an orc knight
 10029 | Bailey   | Killed an orc knight
 10029 | Bailey   | Reached skill level 11 in Earth Magic
 10422 | Bailey   | Noticed an orc knight
 10428 | Bailey   | Mangled by an orc knight

Skill      XL: |  1  2  3  4  5  6  7  8  9 10 |
---------------+-------------------------------+-----
Spellcasting   | 2 3 4 5 6 |  6.2
Transmutations | 1 |  1.5
Dodging        | 3 4 5 6 7 |  7.6
Fighting       | 1 2 3 4 |  4.9
Earth Magic    | 5 6 7 8 10 11 | 11.0
Stealth        | 3 4 5 7 |  7.5
Conjurations   | 1 |  1.6
Axes           | 1 2 |  2.1
Short Blades   | 1 |  1.3
Invocations    | 1 3 |  3.5

Action                   |  1- 3 |  4- 6 |  7- 9 | 10-12 || total
-------------------------+-------+-------+-------+-------++-------
Melee: Club              |    33 |       |       |       ||    33
       Dagger            |     8 |   119 |    82 |    14 ||   223
       Battleaxe         |       |       |    44 |       ||    44
 Cast: Sandblast         |    45 |    86 |   143 |    26 ||   300
       Passwall          |     1 |       |     1 |     2 ||     4
       Stone Arrow       |     1 |    15 |    31 |    43 ||    90
       Lee's Rapid Decon |       |       |     7 |     4 ||    11
       Petrify           |       |       |    15 |     7 ||    22
       Sticks to Snakes  |       |       |       |     5 ||     5
Invok: Lesser Healing    |       |       |     9 |     9 ||    18
 Abil: Heal Wounds       |       |     2 |     9 |     4 ||    15
  Use: Scroll            |       |     4 |    12 |     1 ||    17
       Potion            |       |     1 |     1 |     1 ||     3
 Stab: Sleeping          |       |     1 |     4 |     1 ||     6
       Petrified         |       |       |    18 |     5 ||    23
  Eat: Chunk             |     3 |     5 |    13 |     3 ||    24
       Ration            |       |     2 |     3 |     2 ||     7
Armor: Robe              |    14 |    19 |    31 |     6 ||    70
Dodge: Dodged            |    58 |   139 |   143 |    25 ||   365
